[Event "Titled Tuesday Blitz October 31 Late 2023"]
[White "Pakleza, Zbigniew"]
[Black "Kashefi, Amir Hosein"]
[WhiteFideId "1119290"]
[BlackFideId "12557935"]
[WhiteElo "2835"]
[BlackElo "2603"]
[Result "1-0"]
[Round "10"]
[TimeControl "180+1"]
[Date "2023.10.31"]
[WhiteClock "0:00:18"]
[BlackClock "0:00:00"]
[Board "17"]

1. d4 d5 2. Bf4 c5 3. c3 Nc6 4. e3 Qb6 5. Qb3 c4 6. Qc2 Bf5 7. Qxf5 Qxb2 8. Qxd5 e6 9. Qxc4 Qc1+ 10. Ke2 Qb2+ 11. Kf3 Qxa1 12. Qb3 O-O-O 13. Nh3 e5 14. dxe5 h6 15. Na3 Qd1+ 16. Qxd1 Rxd1 17. Nb5 g5 18. Bg3 a6 19. Nd4 Nge7 20. Ke4 Bg7 21. f4 Na5 22. fxg5 hxg5 23. Nxg5 Nc4 24. Bxc4 Rxh1 25. Nxf7 R8xh2 26. Nd6+ Kb8 27. Bxh2 Rxh2 28. Bf1 Rh1 29. Be2 Rg1 30. Bf3 Kc7 31. Ne8+ Kd7 32. Nxg7 Nc6 33. e6+ Ke7 34. Ngf5+ Kf6 35. Nxc6 bxc6 36. e7 c5 37. e8=Q 1-0


[Site "https://www.chess.com"]

[Event "Titled Tuesday Blitz October 31 Late 2023"]
[White "Brodsky, David"]
[Black "Jaskolka, Tomasz"]
[WhiteFideId "2073250"]
[BlackFideId "1170791"]
[WhiteElo "2819"]
[BlackElo "2597"]
[Result "1-0"]
[Round "10"]
[TimeControl "180+1"]
[Date "2023.10.31"]
[WhiteClock "0:00:17"]
[BlackClock "0:00:10"]
[Board "18"]

1. e4 d5 2. exd5 Nf6 3. Nf3 Bg4 4. Bb5+ c6 5. dxc6 bxc6 6. Be2 e6 7. h3 Bf5 8. d3 Bd6 9. O-O Nbd7 10. Nc3 O-O 11. Nh4 Nd5 12. Nxf5 Nxc3 13. bxc3 exf5 14. d4 Nf6 15. Bf3 Ne4 16. Qd3 Qa5 17. c4 Rfe8 18. Be3 Rab8 19. c5 Bc7 20. a4 Rb4 21. Bxe4 fxe4 22. Qc3 h6 23. Bd2 Reb8 24. Qe3 f5 25. Bxb4 Rxb4 26. Qc3 f4 27. Rae1 Qxa4 28. Rxe4 Qb5 29. Re8+ Kf7 30. Qe1 Kg6 31. Qe4+ Kh5 32. Qf5+ g5 33. Re6 f3 34. Qg4# 1-0


[Site "https://www.chess.com"]

[Event "Titled Tuesday Blitz October 31 Late 2023"]
[White "Sanchez Alvares, Kelvin Antonio"]
[Black "Troff, Kayden"]
[WhiteFideId "3906680"]
[BlackFideId "2047896"]
[WhiteElo "2601"]
[BlackElo "2785"]
[Result "0-1"]
[Round "10"]
[TimeControl "180+1"]
[Date "2023.10.31"]
[WhiteClock "0:00:00"]
[BlackClock "0:01:56"]
[Board "19"]

1. e4 c5 2. Nf3 g6 3. d4 cxd4 4. Qxd4 Nf6 5. e5 Nc6 6. Qa4 Nd5 7. Qe4 Nb6 8. Nc3 Bg7 9. Bf4 d5 10. exd6 Bxc3+ 11. bxc3 O-O 12. Bd3 Bf5 13. Qe2 Nd5 14. Bd2 exd6 15. O-O Re8 16. Qd1 Qf6 17. c4 Bxd3 18. cxd3 Nc3 19. Qb3 Ne2+ 20. Kh1 b6 21. Bg5 Qf5 22. Be3 Nf4 23. Rad1 Nxg2 24. Ng1 Nh4 25. d4 Qg4 0-1


[Site "https://www.chess.com"]

[Event "Titled Tuesday Blitz October 31 Late 2023"]
[White "Likvidator228"]
[Black "Koellner, Ruben Gideon"]
[BlackFideId "12993093"]
[WhiteElo "2572"]
[BlackElo "2737"]
[Result "0-1"]
[Round "10"]
[TimeControl "180+1"]
[Date "2023.10.31"]
[WhiteClock "0:00:00"]
[BlackClock "0:00:29"]
[Board "20"]

1. d4 d6 2. c4 e5 3. Nf3 e4 4. Nfd2 f5 5. e3 Nf6 6. Nc3 c5 7. d5 g6 8. b3 Bg7 9. Bb2 O-O 10. Be2 Nbd7 11. g4 Nxg4 12. Bxg4 fxg4 13. Ndxe4 Ne5 14. Qe2 Nf3+ 15. Kd1 Ne5 16. Rc1 g3 17. Kc2 g2 18. Rhg1 Bg4 19. f3 Bxf3 20. Qd2 Qd7 21. Ng5 Qg4 22. Nxf3 Rxf3 23. Rxg2 Qf5+ 24. e4 Qh5 25. Re1 Raf8 26. Kb1 Nd3 27. Re3 Nxb2 28. Rxf3 Qxf3 29. Rg3 Bxc3 30. Qxc3 Qxc3 31. Rxc3 Nd1 32. Rc1 Nf2 33. e5 Nd3 0-1


[Site "https://www.chess.com"]

[Event "Titled Tuesday Blitz October 31 Late 2023"]
[White "Gedajlovic, Max"]
[Black "Tologon tegin, Semetei"]
[WhiteFideId "2616840"]
[BlackFideId "13800574"]
[WhiteElo "2735"]
[BlackElo "2567"]
[Result "0-1"]
[Round "10"]
[TimeControl "180+1"]
[Date "2023.10.31"]
[WhiteClock "0:00:05"]
[BlackClock "0:00:48"]
[Board "21"]

1. e4 Nc6 2. d4 d5 3. e5 Bf5 4. h4 h5 5. Ne2 e6 6. Ng3 Bg6 7. Be2 Nge7 8. c3 Nf5 9. Nxf5 Bxf5 10. g3 g6 11. Nd2 Be7 12. a4 a6 13. a5 Qd7 14. Nf1 Bf8 15. Qb3 O-O-O 16. Ne3 Ne7 17. Bd2 Bh6 18. Rc1 Kb8 19. O-O Ka8 20. Rfd1 g5 21. hxg5 Bxg5 22. c4 h4 23. cxd5 hxg3 24. fxg3 Bxe3+ 25. Bxe3 Nxd5 26. Bf3 Rdg8 27. Bf2 Bg4 28. Kg2 Nf4+ 29. Kf1 Bh3+ 30. Ke1 Nd5 31. Ke2 Bg4 32. Bxg4 Rxg4 33. Rh1 Rhg8 34. Rc4 f6 35. exf6 Nxf6 36. Rhc1 Nd5 37. Qf3 R4g5 38. R1c2 Rf5 39. Qe4 Rgf8 40. Ke1 c6 41. Re2 R5f6 42. g4 Qc7 43. Qe5 Qxa5+ 44. Kf1 Qb5 45. b3 Qxb3 46. Rc1 Qh3+ 47. Ke1 Nf4 48. Re3 Ng2+ 49. Kd1 Nxe3+ 50. Bxe3 Rf1+ 51. Kc2 Rxc1+ 52. Bxc1 Qxg4 53. Bd2 Qf5+ 54. Qxf5 exf5 55. Kd3 Re8 56. Bf4 Re4 57. Be5 Ka7 58. Kc4 Kb6 59. Bf6 a5 60. Bd8+ Ka6 61. Kc5 a4 62. Bf6 a3 63. Kc4 a2 0-1


[Site "https://www.chess.com"]

[Event "Titled Tuesday Blitz October 31 Late 2023"]
[White "Erenberg, Ariel"]
[Black "Gurevich, Dmitry"]
[WhiteFideId "2811634"]
[BlackFideId "2000407"]
[WhiteElo "2726"]
[BlackElo "2563"]
[Result "1/2-1/2"]
[Round "10"]
[TimeControl "180+1"]
[Date "2023.10.31"]
[WhiteClock "0:02:16"]
[BlackClock "0:00:41"]
[Board "22"]

1. g3 d5 2. Bg2 c6 3. b3 e5 4. Bb2 Bd6 5. Nf3 Qe7 6. O-O Nf6 7. c4 e4 8. Nd4 O-O 9. cxd5 cxd5 10. d3 a6 11. Nc3 Nc6 12. Nxc6 bxc6 13. dxe4 dxe4 14. e3 Bg4 15. Qc2 Rfe8 16. Rac1 Rac8 17. Na4 h5 18. Bxf6 Qxf6 19. Bxe4 Rxe4 20. Qxe4 Bf3 21. Qh4 g5 22. Qh3 Bg4 23. Qg2 Bf3 24. Qh3 Bg4 25. Qg2 Bf3 26. Qh3 1/2-1/2


[Site "https://www.chess.com"]

[Event "Titled Tuesday Blitz October 31 Late 2023"]
[White "Hamitevici, Vladimir"]
[Black "Sturt, Raven"]
[WhiteFideId "13902393"]
[BlackFideId "2007304"]
[WhiteElo "2724"]
[BlackElo "2560"]
[Result "1-0"]
[Round "10"]
[TimeControl "180+1"]
[Date "2023.10.31"]
[WhiteClock "0:00:28"]
[BlackClock "0:00:00"]
[Board "23"]

1. a3 f5 2. g3 Nf6 3. Bg2 g6 4. b4 Bg7 5. Bb2 O-O 6. c4 d6 7. d3 e5 8. Nf3 Qe7 9. O-O e4 10. Nd4 a6 11. Nc3 c5 12. Nc2 Nc6 13. Ne3 cxb4 14. Ncd5 Qf7 15. Nxf6+ Bxf6 16. Bxf6 Qxf6 17. Nd5 Qf7 18. axb4 Be6 19. dxe4 Bxd5 20. cxd5 Nxb4 21. exf5 gxf5 22. Ra3 a5 23. Qd2 b6 24. Qf4 Qg6 25. Re3 Rf6 26. Rc1 Na6 27. Rc6 b5 28. Re6 Nc5 29. Rexd6 Rxd6 30. Rxd6 Qg7 31. Rc6 a4 32. d6 a3 33. Bd5+ Kh8 34. Rxc5 1-0


[Site "https://www.chess.com"]

[Event "Titled Tuesday Blitz October 31 Late 2023"]
[White "Toncheva, Nadya"]
[Black "Luczak, Filip"]
[WhiteFideId "2924056"]
[BlackFideId "1193686"]
[WhiteElo "2548"]
[BlackElo "2671"]
[Result "0-1"]
[Round "10"]
[TimeControl "180+1"]
[Date "2023.10.31"]
[WhiteClock "0:00:00"]
[BlackClock "0:00:17"]
[Board "24"]

1. e4 g6 2. d4 Bg7 3. c4 d6 4. Nc3 e5 5. d5 f5 6. Bd3 Nf6 7. exf5 gxf5 8. Nge2 O-O 9. O-O Na6 10. f3 Nc5 11. Bc2 a5 12. Be3 b6 13. Rb1 Qe8 14. a3 a4 15. Kh1 Bd7 16. Bg1 Kh8 17. f4 e4 18. Nd4 Rg8 19. Ncb5 Rc8 20. Bxa4 Qg6 21. Bc2 Nh5 22. Qe2 Qh6 23. Qe1 Bf6 24. Ne2 Nd3 25. Qd2 Bxb5 26. cxb5 Rxg2 27. Kxg2 Rg8+ 28. Kh1 Qg6 29. Ng3 Nxb2 30. Bd4 Nc4 31. Bxf6+ Nxf6 32. Qg2 Ne3 33. Qe2 Nfg4 34. Rfe1 Qh6 35. Bb3 Rg6 36. Rb2 Qh4 37. Rc1 Rh6 38. Qd2 Qxg3 39. Rg1 Qf3+ 0-1


[Site "https://www.chess.com"]

[Event "Titled Tuesday Blitz October 31 Late 2023"]
[White "Korpics, Zsolt"]
[Black "Manukyan, Sargis A."]
[WhiteFideId "705241"]
[BlackFideId "13303970"]
[WhiteElo "2446"]
[BlackElo "2642"]
[Result "1-0"]
[Round "10"]
[TimeControl "180+1"]
[Date "2023.10.31"]
[WhiteClock "0:00:12"]
[BlackClock "0:00:35"]
[Board "25"]

1. e4 c5 2. Nf3 d6 3. Nc3 Nf6 4. e5 dxe5 5. Nxe5 Nbd7 6. d4 cxd4 7. Qxd4 Nxe5 8. Qxe5 e6 9. Bg5 Bd6 10. Bb5+ Kf8 11. Qd4 a6 12. O-O-O axb5 13. Qxd6+ Qxd6 14. Rxd6 Ke7 15. Rhd1 b4 16. Ne4 Rxa2 17. Kb1 Ra6 18. Rxa6 bxa6 19. Nxf6 gxf6 20. Be3 Rg8 21. Bc5+ Ke8 22. g3 b3 23. cxb3 Rg5 24. b4 Bd7 25. f4 Rh5 26. Rd2 e5 27. Be3 e4 28. Bc5 Bb5 29. Kc2 Bd3+ 30. Kc3 Rd5 31. b3 f5 32. Bd4 h5 33. Bc5 Kd7 34. Rg2 Ke6 35. Rg1 Bb5 36. Rg2 Rd3+ 37. Kc2 Rf3 38. Rd2 Bd3+ 39. Kc3 Rf1 40. Kd4 Rb1 41. Kc3 Kd5 42. Be3 Rc1+ 43. Kb2 Re1 44. Bc5 a5 45. Kc3 Rc1+ 46. Kb2 Kc6 47. Kxc1 axb4 48. Bxb4 Kb5 49. Bc3 Kc5 50. Kd1 Kd5 51. Ke1 Kc5 52. Kf2 Kd5 53. Ke3 Kc5 54. Rxd3 exd3 55. Kxd3 Kd5 56. b4 Kd6 57. Kc4 Kc6 58. b5+ Kd6 59. Be5+ Kd7 60. b6 Kc6 61. Bc7 Kb7 62. Kd5 Kc8 63. Ke5 f6+ 64. Kxf6 h4 65. gxh4 Kb7 66. h5 Kc8 67. h6 Kb7 68. h7 Kc6 69. h8=Q Kb5 70. Kxf5 Kc4 71. Qe5 Kd3 72. Qe4+ Kd2 73. Qf3 Ke1 74. Qg2 Kd1 75. h4 Kc1 76. h5 Kb1 77. h6 Ka1 78. h7 Kb1 79. h8=Q Kc1 80. Qhh1# 1-0


[Site "https://www.chess.com"]

[Event "Titled Tuesday Blitz October 31 Late 2023"]
[White "Zeynalli, Rashad"]
[Black "Vasquez Schroeder, Rodrigo"]
[WhiteFideId "13403320"]
[BlackFideId "3400042"]
[WhiteElo "2632"]
[BlackElo "2857"]
[Result "1-0"]
[Round "10"]
[TimeControl "180+1"]
[Date "2023.10.31"]
[WhiteClock "0:01:47"]
[BlackClock "0:01:43"]
[Board "26"]

1. e4 c5 2. Nf3 d6 3. d4 cxd4 4. Nxd4 Nf6 5. Nc3 a6 6. Be3 e6 7. f3 b5 8. Qd2 Nbd7 9. g4 b4 10. Na4 h6 11. h4 d5 12. O-O-O dxe4 13. Bc4 Qa5 14. b3 exf3 15. g5 Ne4 16. Qe1 Ndc5 17. Nc6 Qc7 18. Rd8+ Qxd8 19. Nxd8 Nxa4 20. bxa4 Kxd8 21. Bb6+ Ke8 22. Qxe4 1-0


[Site "https://www.chess.com"]

[Event "Titled Tuesday Blitz October 31 Late 2023"]
[White "Rustemov, Alexander"]
[Black "Yelisieiev, Yevhenii"]
[WhiteFideId "4119002"]
[BlackFideId "14139642"]
[WhiteElo "2846"]
[BlackElo "2623"]
[Result "0-1"]
[Round "10"]
[TimeControl "180+1"]
[Date "2023.10.31"]
[WhiteClock "0:00:07"]
[BlackClock "0:00:56"]
[Board "27"]

1. d4 d6 2. Nf3 Nf6 3. g3 Nbd7 4. c4 e5 5. Nc3 Be7 6. Bg2 O-O 7. O-O c6 8. e4 Re8 9. h3 a5 10. Re1 Qc7 11. Be3 Bf8 12. Qc2 exd4 13. Nxd4 Nc5 14. b3 Be6 15. Rad1 Rad8 16. f4 Bc8 17. Bf2 h5 18. Kh2 g6 19. a3 Bg7 20. b4 axb4 21. axb4 Na6 22. b5 Nb4 23. Qb3 c5 24. Nc2 Nxc2 25. Qxc2 Be6 26. Qd3 Nd7 27. f5 Ne5 28. Qc2 Bxc4 29. Nd5 Qa5 30. f6 Bxd5 31. fxg7 Bc4 32. Be3 Qxb5 33. Qf2 Nd3 34. Rxd3 Bxd3 35. Qf4 Qb2 36. Rd1 Bxe4 37. Rd2 Qe5 38. Qh6 Qxg7 39. Qf4 Bxg2 40. Kxg2 Qe5 41. Qxf7+ Kxf7 42. Rxd6 Rxd6 43. Bd4 Rxd4 44. h4 Qe2+ 45. Kh3 Qg4+ 46. Kg2 Re2+ 47. Kf1 Rd1# 0-1


[Site "https://www.chess.com"]

[Event "Titled Tuesday Blitz October 31 Late 2023"]
[White "Kamsky, Gata"]
[Black "Bartel, Michal"]
[WhiteFideId "2000024"]
[BlackFideId "1119257"]
[WhiteElo "2817"]
[BlackElo "2618"]
[Result "1/2-1/2"]
[Round "10"]
[TimeControl "180+1"]
[Date "2023.10.31"]
[WhiteClock "0:00:25"]
[BlackClock "0:00:31"]
[Board "28"]

1. d4 d5 2. Bf4 Nd7 3. e3 Nb6 4. Nd2 Nf6 5. c4 dxc4 6. Nxc4 Nxc4 7. Bxc4 e6 8. a3 Bd6 9. Bg3 O-O 10. Nf3 b6 11. O-O Bb7 12. b4 a5 13. b5 Qe7 14. a4 Rfd8 15. Qb3 Ne4 16. Rfd1 Rac8 17. Rac1 Qf6 18. Bd3 Nxg3 19. hxg3 Bxf3 20. gxf3 Qxf3 21. Qc2 g6 22. Be4 Qg4 23. Kg2 Kg7 24. Rh1 h5 25. f4 Be7 26. Bb7 h4 27. Qf2 hxg3 28. Qxg3 Qe2+ 29. Qf2 Qg4+ 30. Qg3 Qe2+ 31. Kg1 Ba3 32. Rf1 Rb8 33. Be4 Rh8 34. Rxh8 Rxh8 35. Qf2 Qh5 36. Bf3 Qh3 37. Qg2 Qxg2+ 38. Kxg2 Kf6 39. Rf2 Ke7 40. Rc2 Bd6 41. Rc1 Kf6 42. Rh1 Rxh1 43. Kxh1 Bb4 44. Kg2 Bd2 45. Kf2 g5 46. fxg5+ Kxg5 47. Ke2 Bc1 48. Bc6 f5 49. Kf3 f4 50. exf4+ Bxf4 51. Bd7 e5 52. Ke4 Kf6 53. dxe5+ Bxe5 54. Kd5 Bd6 55. Bh3 Kg5 56. Ke4 Kh4 57. Be6 Kg3 58. Kd3 Kf2 59. Kc2 Ke1 60. Kb3 Ke2 61. Bd5 Kd3 62. Bc6 Kd4 63. Bd7 Kc5 64. Bc6 Kd4 65. Bd7 Kc5 66. Bc6 Kd4 1/2-1/2


[Site "https://www.chess.com"]

[Event "Titled Tuesday Blitz October 31 Late 2023"]
[White "Karamsetty, Jeevan"]
[Black "Krzyzanowski, Marcin"]
[WhiteFideId "2025337"]
[BlackFideId "1132199"]
[WhiteElo "2618"]
[BlackElo "2759"]
[Result "0-1"]
[Round "10"]
[TimeControl "180+1"]
[Date "2023.10.31"]
[WhiteClock "0:00:16"]
[BlackClock "0:00:08"]
[Board "29"]

1. e4 e5 2. Nf3 Nc6 3. Bc4 Nf6 4. O-O Nxe4 5. Bd5 Nf6 6. Bxc6 bxc6 7. Nxe5 Be7 8. d4 O-O 9. Nc3 c5 10. Be3 cxd4 11. Bxd4 Bb7 12. Ng4 d6 13. Re1 Nxg4 14. Qxg4 Bf6 15. Rad1 Bxd4 16. Rxd4 Re8 17. Red1 Qe7 18. h3 Qe5 19. R4d3 h5 20. Qb4 Ba6 21. Re3 Qf5 22. Rxe8+ Rxe8 23. Qa4 Qc8 24. Nd5 c6 25. Ne3 d5 26. c3 g6 27. Qf4 Kg7 28. Qd4+ Kh7 29. Qxa7 Kg7 30. Rd4 Be2 31. Rf4 Qe6 32. Qd4+ Kg8 33. Rf6 Qd7 34. a4 Re4 35. Qd2 Ba6 36. b4 Bb7 37. Rf3 d4 38. cxd4 Rxd4 39. Qc3 c5 40. Rg3 cxb4 41. Qb3 Kg7 42. a5 h4 43. Rg4 Rxg4 44. hxg4 Qd4 45. Nc2 Qd1+ 46. Kh2 Qxg4 47. Qb2+ Kh7 48. f3 Qg3+ 49. Kh1 h3 50. Nxb4 hxg2+ 51. Kg1 Qxf3 52. Qf2 Qd1+ 53. Kh2 Qh1+ 54. Kg3 g1=Q+ 0-1


[Site "https://www.chess.com"]

[Event "Titled Tuesday Blitz October 31 Late 2023"]
[White "Krishnan, Varun"]
[Black "Mekhitarian, Krikor Sevag"]
[WhiteFideId "5054508"]
[BlackFideId "2107660"]
[WhiteElo "2614"]
[BlackElo "2747"]
[Result "1-0"]
[Round "10"]
[TimeControl "180+1"]
[Date "2023.10.31"]
[WhiteClock "0:00:07"]
[BlackClock "0:00:00"]
[Board "30"]

1. g3 d5 2. Bg2 e5 3. d3 Nc6 4. Nf3 Be6 5. O-O h6 6. a3 a5 7. Nbd2 Nf6 8. e4 dxe4 9. Nxe4 Nxe4 10. dxe4 Bc5 11. Qe2 O-O 12. Be3 Qe7 13. Rfd1 Rfd8 14. Ne1 Nd4 15. Bxd4 Bxd4 16. c3 Bb6 17. b4 axb4 18. axb4 Rxa1 19. Rxa1 Qd7 20. Bf3 g6 21. Rd1 Qe7 22. Rxd8+ Qxd8 23. Qd3 Qa8 24. Nc2 Qa2 25. Ne3 Kg7 26. Kg2 h5 27. h4 Qb2 28. Qc2 Qxc2 29. Nxc2 Bb3 30. Ne3 Bxe3 31. fxe3 Bc2 32. c4 b6 33. c5 bxc5 34. bxc5 Kf6 35. Kf2 Ke7 36. Ke2 Ba4 37. Kd3 Bb5+ 38. Kc3 Bc6 39. Kd3 f5 40. Bg2 Kf6 41. Bf3 Bb5+ 42. Kc3 Bc6 43. Kd3 Bb7 44. Bg2 Ba6+ 45. Kc3 Bb5 46. Bf3 Kg7 47. exf5 gxf5 48. Bxh5 Kf6 49. Bf3 Bd7 50. Be2 Be6 51. Bc4 Bd7 52. Bd5 Bb5 53. Kb4 Bd3 54. Kc3 Bb5 55. Bf3 Ba6 56. Bd1 Bb5 57. Bc2 Ba6 58. Bd1 Bb5 59. Kd2 Bc6 60. Ke2 Bd5 61. Kf2 Bc6 62. Bf3 Bd7 63. Bd5 Bc8 64. e4 f4 65. Kf3 fxg3 66. Kxg3 Bd7 67. Bb3 Be8 68. Bd1 Bg6 69. Bf3 Be8 70. Kf2 Bc6 71. Ke3 Bb5 72. Kd2 Ba6 73. Kc3 Bf1 74. Kb4 Bd3 75. c6 Bf1 76. Kc5 Bd3 77. Kd5 Bc2 78. Kc4 Ba4 79. Kc5 Bb3 80. Bg4 Bc2 81. Bf5 Bd3 82. Kd5 Bc2 83. Kc4 Bd1 84. Kb5 Be2+ 85. Kc5 Bd3 86. Kd5 Bc2 87. Kc4 Bd1 88. Kc5 Be2 89. Kb4 Bd3 90. Ka5 Be2 91. Kb4 Bd3 92. h5 Kg5 93. Bg6 Kf6 94. Kc5 Bc2 95. Bf5 Bb1 96. h6 Bc2 97. h7 Kg7 98. Kd5 1-0


[Site "https://www.chess.com"]

[Event "Titled Tuesday Blitz October 31 Late 2023"]
[White "NelsonLinda"]
[Black "Korchmar, Vasiliy"]
[BlackFideId "24131750"]
[WhiteElo "2597"]
[BlackElo "2738"]
[Result "0-1"]
[Round "10"]
[TimeControl "180+1"]
[Date "2023.10.31"]
[WhiteClock "0:00:26"]
[BlackClock "0:00:56"]
[Board "31"]

1. b3 c5 2. g3 g6 3. Bb2 Nf6 4. Bxf6 exf6 5. c4 h5 6. h4 d5 7. cxd5 Qxd5 8. Nf3 Nc6 9. Nc3 Qd8 10. Bg2 Bh6 11. O-O Bg4 12. Ne4 Qe7 13. d3 f5 14. Nc3 O-O-O 15. e3 g5 16. Qc1 Bxf3 17. Bxf3 Ne5 18. Bg2 gxh4 19. Nd5 Rxd5 20. Bxd5 hxg3 21. f4 Nxd3 22. Qd2 Qh4 23. Rad1 Nf2 24. Be6+ fxe6 25. Qd7+ Kb8 26. Qd6+ Ka8 27. Rxf2 gxf2+ 28. Kf1 a6 29. Rd2 Qh1+ 30. Kxf2 Rg8 31. Ke2 Rg2+ 32. Kd3 Rxd2+ 33. Kxd2 Qd5+ 0-1


[Site "https://www.chess.com"]

[Event "Titled Tuesday Blitz October 31 Late 2023"]
[White "Skatchkov, Valery"]
[Black "Blanco Ronquillo, Humberto L."]
[WhiteFideId "24195812"]
[BlackFideId "3504239"]
[WhiteElo "2595"]
[BlackElo "2724"]
[Result "0-1"]
[Round "10"]
[TimeControl "180+1"]
[Date "2023.10.31"]
[WhiteClock "0:01:06"]
[BlackClock "0:01:53"]
[Board "32"]

1. d4 d5 2. c4 e6 3. Nf3 Nf6 4. g3 dxc4 5. Bg2 c5 6. O-O Nc6 7. Qa4 Bd7 8. Qxc4 b5 9. Qd3 c4 10. Qd1 Rc8 11. a4 b4 12. Nbd2 Na5 13. Qc2 Be7 14. Ne5 c3 15. bxc3 Rxc3 16. Qb1 O-O 17. Bb2 Rc8 18. Qd3 Qb6 19. Ne4 Rfd8 20. Nxd7 Rxd7 21. Rfc1 Rdc7 22. Rxc7 Rxc7 23. Rb1 Nd5 24. h4 h6 25. Nc5 Bxc5 26. dxc5 Qxc5 27. Bd4 Qc4 28. Qxc4 Rxc4 29. Bxa7 Nc3 30. Rb2 Nxa4 31. Ra2 b3 0-1


[Site "https://www.chess.com"]

[Event "Titled Tuesday Blitz October 31 Late 2023"]
[White "Tanenbaum, Zachary"]
[Black "Chan, Luis"]
[WhiteFideId "2060850"]
[BlackFideId "3216357"]
[WhiteElo "2700"]
[BlackElo "2583"]
[Result "1-0"]
[Round "10"]
[TimeControl "180+1"]
[Date "2023.10.31"]
[WhiteClock "0:00:04"]
[BlackClock "0:00:02"]
[Board "33"]

1. e4 c5 2. Nf3 g6 3. d4 cxd4 4. Nxd4 Nc6 5. Nc3 Bg7 6. Be3 Nf6 7. Bc4 O-O 8. Bb3 d6 9. h3 Nd7 10. Qd2 Nc5 11. O-O-O Nxb3+ 12. cxb3 a5 13. h4 h5 14. Kb1 Bd7 15. f3 Ne5 16. Bh6 a4 17. Bxg7 Kxg7 18. bxa4 Bxa4 19. Qg5 e6 20. b3 Bd7 21. Ndb5 Qa5 22. Rxd6 f6 23. Rxd7+ Nxd7 24. Qg3 Rfc8 25. Rd1 Ne5 26. f4 Nf7 27. f5 exf5 28. exf5 Ne5 29. fxg6 Rd8 30. Nd4 Kg8 31. Qe3 Qc7 32. Ne4 Qg7 33. Rf1 Qxg6 34. Rxf6 Qe8 35. Rf5 Ng6 36. Nf6+ Kg7 37. Nxe8+ Rxe8 38. Ne6+ Kh7 39. Rf7+ Kh8 40. Qh6+ Kg8 41. Qh7# 1-0


[Site "https://www.chess.com"]

[Event "Titled Tuesday Blitz October 31 Late 2023"]
[White "Ordekalog"]
[Black "Zavgorodniy, Sergiy"]
[BlackFideId "14110148"]
[WhiteElo "2578"]
[BlackElo "2683"]
[Result "0-1"]
[Round "10"]
[TimeControl "180+1"]
[Date "2023.10.31"]
[WhiteClock "0:00:00"]
[BlackClock "0:00:07"]
[Board "34"]

1. e4 c6 2. d4 d5 3. Nd2 dxe4 4. Nxe4 Bf5 5. Bd3 e6 6. Nf3 Nd7 7. c3 Ngf6 8. Nxf6+ Qxf6 9. Bg5 Qg6 10. Bxf5 Qxf5 11. O-O Bd6 12. Re1 O-O 13. Qb3 Qb5 14. Qxb5 cxb5 15. d5 exd5 16. Be7 Bxe7 17. Rxe7 Rad8 18. Rd1 Nc5 19. Rc7 Rc8 20. Rxc8 Rxc8 21. Rxd5 a6 22. Kf1 Na4 23. Rd2 Kf8 24. Nd4 g6 25. Nb3 Ke7 26. h4 h5 27. g3 Rd8 28. Re2+ Kf6 29. Ke1 b6 30. a3 Rd7 31. Nc1 Kf5 32. Nb3 Kg4 33. Nd4 Kh3 34. Kf1 Rd6 35. Rc2 f6 36. Re2 g5 37. Ke1 gxh4 38. Nf5 Rd5 39. Nxh4 Re5 40. Ng6 Rxe2+ 41. Kxe2 Nxb2 42. Kf3 Na4 43. Nf4+ Kh2 44. Nxh5 Nxc3 45. Nxf6 a5 46. g4 b4 47. axb4 a4 48. g5 a3 49. g6 a2 50. g7 a1=Q 51. g8=Q Qd1+ 52. Kf4 Qd2+ 53. Kg4 Qxf2 54. Qh7+ Kg1 55. Nh5 Qd4+ 56. Nf4 Ne2 57. Qb1+ Kf2 0-1


[Site "https://www.chess.com"]

[Event "Titled Tuesday Blitz October 31 Late 2023"]
[White "maksimys18"]
[Black "Goltsev, Dmitry"]
[BlackFideId "24176710"]
[WhiteElo "2546"]
[BlackElo "2660"]
[Result "0-1"]
[Round "10"]
[TimeControl "180+1"]
[Date "2023.10.31"]
[WhiteClock "0:00:07"]
[BlackClock "0:00:05"]
[Board "35"]

1. d4 e6 2. Nf3 Nf6 3. c4 b6 4. Nc3 Bb4 5. Bg5 Bb7 6. e3 h6 7. Bh4 O-O 8. Bd3 d6 9. O-O Bxc3 10. bxc3 Nbd7 11. Nd2 c5 12. Be4 Qc7 13. Bxb7 Qxb7 14. Bg3 d5 15. cxd5 exd5 16. Nf3 Ne4 17. Qd3 c4 18. Qc2 b5 19. Nd2 f5 20. f3 Nxg3 21. hxg3 Rae8 22. Rae1 Nf6 23. a4 b4 24. cxb4 Qxb4 25. Rb1 Qa3 26. e4 fxe4 27. fxe4 Ng4 28. exd5 Qe3+ 29. Kh1 Qxg3 30. Rxf8+ Rxf8 31. Nf3 Rxf3 32. Rb8+ Rf8 33. Rxf8+ Kxf8 34. Qf5+ Nf6 35. Qc8+ Kf7 36. Qe6+ Kg6 37. d6 Qh4+ 38. Kg1 Qxd4+ 39. Kh2 c3 40. g4 Qxg4 41. Qxg4+ Nxg4+ 42. Kg3 Nf6 0-1


[Site "https://www.chess.com"]

[Event "Titled Tuesday Blitz October 31 Late 2023"]
[White "Bazilius, Augustinas"]
[Black "Rosen, Eric"]
[WhiteFideId "12832251"]
[BlackFideId "2032562"]
[WhiteElo "2530"]
[BlackElo "2659"]
[Result "0-1"]
[Round "10"]
[TimeControl "180+1"]
[Date "2023.10.31"]
[WhiteClock "0:00:00"]
[BlackClock "0:00:06"]
[Board "36"]

1. d4 d5 2. c4 e6 3. Nf3 Nf6 4. g3 dxc4 5. Bg2 Bb4+ 6. Nbd2 b5 7. O-O Bb7 8. Nxc4 O-O 9. Nce5 Bd6 10. Bg5 h6 11. Bxf6 Qxf6 12. Rc1 Rd8 13. Nxf7 Qxf7 14. Ne5 Bxe5 15. Bxb7 Bxd4 16. e3 Bf6 17. Qf3 Bxb2 18. Rcd1 Qxf3 19. Rxd8+ Qf8 20. Rxf8+ Kxf8 21. Bxa8 c6 22. Rb1 Ba3 23. Kg2 Ke7 24. Rd1 Bd6 25. Bb7 a5 26. f4 a4 27. Kf3 b4 28. e4 e5 29. f5 Kd7 30. Bc8+ Kc7 31. Be6 Na6 32. Bc4 Nc5 33. g4 Be7 34. Be6 Kb6 35. Kg3 Kb5 36. Rb1 Ka5 37. Bf7 Nd3 38. h4 c5 39. Kf3 Kb5 40. Kg3 c4 41. Rd1 b3 42. axb3 axb3 43. Rxd3 cxd3 44. Bxb3 Kb4 45. Bd1 Kc3 0-1


[Site "https://www.chess.com"]

[Event "Titled Tuesday Blitz October 31 Late 2023"]
[White "Pinheiro, Iung Alicio de O."]
[Black "Kubicka, Anna"]
[WhiteFideId "2104350"]
[BlackFideId "1152254"]
[WhiteElo "2642"]
[BlackElo "2491"]
[Result "1-0"]
[Round "10"]
[TimeControl "180+1"]
[Date "2023.10.31"]
[WhiteClock "0:00:18"]
[BlackClock "0:00:02"]
[Board "37"]

1. d4 Nf6 2. Nf3 c5 3. e3 e6 4. Bd3 d5 5. c3 Nc6 6. Nbd2 b6 7. O-O Be7 8. Qe2 O-O 9. dxc5 bxc5 10. e4 dxe4 11. Nxe4 Qc7 12. Bg5 Nd5 13. g3 h6 14. Bxe7 Qxe7 15. Rad1 Bb7 16. Rfe1 Nf6 17. Nxf6+ Qxf6 18. Be4 Rab8 19. Rd7 Nd8 20. Bxb7 Nxb7 21. Red1 Rfe8 22. Ne5 Nd8 23. R1d3 Rb7 24. Rf3 Qg5 25. Rxb7 Nxb7 26. Nxf7 Qc1+ 27. Kg2 Nd8 28. Ne5 Qg5 29. h4 Qe7 30. Qe4 Rf8 31. Ng6 Rxf3 32. Nxe7+ 1-0


[Site "https://www.chess.com"]